MLB
SAN DIEGO PADRES @ COLORADO ROCKIES
06/03/2099
 
TOP OF THE 1ST
San Diego Padres batting - Pitching for Colorado Rockies : LHP Juan Robles
Pitching: LHP Juan Robles
Batting: RHB Alfredo Beltran 0-0: Swinging Strike
0-1: Ball
1-1: Swinging Strike
1-2: Foul Ball, location: 2RF
1-2: Strikes out looking
Batting: RHB Maxwell Judson 0-0: Swinging Strike
0-1: Fly out, F8 (Flyball, 8RD, EV 103.8 MPH)
Batting: RHB Jose Barillas 0-0: Foul Ball, location: 5SF
0-1: Ball
1-1: Called Strike
1-2: Ball
2-2: Fly out, F8 (Flyball, 8LD, EV 80.6 MPH)
Top of the 1st over - 0 runs, 0 hits, 0 errors, 0 left on base; San Diego 0 - Colorado 0
BOTTOM OF THE 1ST
Colorado Rockies batting - Pitching for San Diego Padres : RHP Ben Memon
Pitching: RHP Ben Memon
Batting: LHB Glenn Sewell 0-0: Called Strike
0-1: Ball
1-1: Foul Ball, location: 2F
1-2: Ball
2-2: Strikes out swinging
Batting: RHB Mike Woodard 0-0: Ball
1-0: Called Strike
1-1: Ground out 5-3 (Groundball, 25, EV 78.8 MPH)
Batting: LHB Matt Beck 0-0: Ball
1-0: Foul Ball, location: 2F
1-1: Ground out 4-3 (Groundball, 34D, EV 103.8 MPH)
Bottom of the 1st over - 0 runs, 0 hits, 0 errors, 0 left on base; San Diego 0 - Colorado 0
TOP OF THE 2ND
San Diego Padres batting - Pitching for Colorado Rockies : LHP Juan Robles
Batting: RHB Chris Santos 0-0: Ball
1-0: Swinging Strike
1-1: Ball
2-1: Ball
3-1: Base on Balls
Batting: RHB Tony Woody 0-0: Swinging Strike
0-1: Foul Ball, location: 23F
0-2: Strikes out looking
Batting: RHB John Ballard 0-0: Ball
1-0: Swinging Strike
1-1: Fly out, F7 (Flyball, 78D, EV 86.3 MPH)
Batting: LHB Joel Sherlock 0-0: SINGLE (Groundball, 4MD, EV 99.4 MPH)
Chris Santos to second
Runner from 2nd tries for 3rd, SAFE, throw by CF made to third
Batting: RHB Colby Krant 0-0: Swinging Strike
0-1: Foul Ball, location: 3FF
0-2: Ball
1-2: Ball
2-2: Strikes out looking
Top of the 2nd over - 0 runs, 1 hit, 0 errors, 2 left on base; San Diego 0 - Colorado 0
BOTTOM OF THE 2ND
Colorado Rockies batting - Pitching for San Diego Padres : RHP Ben Memon
Batting: RHB Kosuke Sakai 0-0: Called Strike
0-1: Foul Ball, location: 5DF
0-2: SOLO HOME RUN (Flyball, 7LD, EV 93.8 MPH), Distance : 352 ft
Batting: LHB Jim Davis 0-0: Foul Ball, location: 3F
0-1: Ball
1-1: SINGLE (Groundball, 34D, EV 100.6 MPH)
Batting: LHB Mike Keatts 0-0: Called Strike
0-1: Foul Ball, location: 7LSF, Error on foul ball, E7
0-2: Ball
1-2: Fielders Choice at 2nd, 4-6 (Groundball, 4, EV 90.6 MPH)
Batting: RHB Orlando Serrano 0-0: Called Strike
Mike Keatts steals 2nd base
0-1: Ball
1-1: Swinging Strike
1-2: Ball
2-2: Ball
3-2: SINGLE (Line Drive, 7S, EV 103.1 MPH)
Mike Keatts to third
Batting: LHB Jeremy Papish 0-0: Ball
1-0: Ball
2-0: Ball
3-0: Called Strike
3-1: Foul Ball, location: 2F
3-2: Fielders Choice at 2nd, 1-6 (Groundball, 13, EV 61.9 MPH)
Batting: LHB Jesus Pena 0-0: Ball
1-0: Called Strike
1-1: Ball
2-1: Ball
3-1: Called Strike
3-2: Fly out, F5 (Line Drive, 5, EV 91.3 MPH)
Bottom of the 2nd over - 1 run, 3 hits, 1 error, 2 left on base; San Diego 0 - Colorado 1
TOP OF THE 3RD
San Diego Padres batting - Pitching for Colorado Rockies : LHP Juan Robles
Batting: RHB Avery Thomas 0-0: Called Strike
0-1: Ball
1-1: Foul Ball, location: 3FF
1-2: Strikes out swinging
Pitching: RHP Matthew Hodge
Batting: RHB Alfredo Beltran 0-0: Called Strike
0-1: Ball
1-1: Called Strike
1-2: Ground out 4-3 (Groundball, 4, EV 106.9 MPH)
Batting: RHB Maxwell Judson 0-0: Called Strike
0-1: Foul Ball, location: 9LSF
0-2: Foul Ball, location: 9LSF
0-2: SINGLE (Flyball, 89S, EV 94.4 MPH)
Batting: RHB Jose Barillas 0-0: 2-RUN HOME RUN (Flyball, 78XD, EV 101.9 MPH), Distance : 408 ft
Batting: RHB Chris Santos 0-0: Called Strike
0-1: Ball
1-1: Called Strike
1-2: Ball
2-2: Ball
3-2: Strikes out swinging
Top of the 3rd over - 2 runs, 2 hits, 0 errors, 0 left on base; San Diego 2 - Colorado 1
BOTTOM OF THE 3RD
Colorado Rockies batting - Pitching for San Diego Padres : RHP Ben Memon
Pitching: RHP Chris Penn
Batting: LHB Glenn Sewell 0-0: Ball
1-0: Called Strike
1-1: Ground out 1-3 (Groundball, 34S, EV 70.0 MPH)
Batting: RHB Mike Woodard 0-0: Called Strike
0-1: Swinging Strike
0-2: Ball
1-2: Foul Ball, location: 23FF
1-2: Foul Ball, location: 2F
1-2: Strikes out swinging
Batting: LHB Matt Beck 0-0: Ball
1-0: Foul Ball, location: 9LSFF
1-1: Called Strike
1-2: Ball
2-2: Foul Ball, location: 2F
2-2: Strikes out swinging
Bottom of the 3rd over - 0 runs, 0 hits, 0 errors, 0 left on base; San Diego 2 - Colorado 1
TOP OF THE 4TH
San Diego Padres batting - Pitching for Colorado Rockies : RHP Matthew Hodge
Batting: RHB Tony Woody 0-0: SINGLE (Groundball, 56D, EV 99.4 MPH)
Batting: RHB John Ballard 0-0: Foul Ball, location: 3F
0-1: Ball
1-1: Ball
2-1: Ball
3-1: Foul Ball, location: 2F
3-2: Base on Balls
Tony Woody to second
Batting: LHB Joel Sherlock 0-0: Ball
1-0: Foul Ball, location: 2F
1-1: Foul Ball, location: 3F
1-2: Ball
2-2: 3-RUN HOME RUN (Flyball, 8RXD, EV 112.5 MPH), Distance : 468 ft
Pitching: RHP Xavier Clayton
Batting: RHB Colby Krant 0-0: Ball
1-0: Swinging Strike
1-1: Fly out, F8 (Flyball, 89M, EV 98.1 MPH)
Batting: RHB Avery Thomas 0-0: Ball
1-0: SINGLE (Groundball, 4MS, EV 92.5 MPH) (infield hit)
Batting: RHB Alfredo Beltran 0-0: Ball
1-0: Foul Ball, location: 9LSF
1-1: Swinging Strike
1-2: Foul Ball, location: 5SF
1-2: Ball
Avery Thomas is caught stealing 2nd base 2-4
2-2: Foul Ball, location: 23F
2-2: Ball
3-2: Foul Ball, location: 9LDF
3-2: Fly out, F8 (Line Drive, 8LD, EV 103.1 MPH)
Top of the 4th over - 3 runs, 3 hits, 0 errors, 0 left on base; San Diego 5 - Colorado 1
BOTTOM OF THE 4TH
Colorado Rockies batting - Pitching for San Diego Padres : RHP Chris Penn
Batting: RHB Kosuke Sakai 0-0: Ball
1-0: Ball
2-0: Foul Ball, location: 2F
2-1: Swinging Strike
2-2: Strikes out swinging
Batting: LHB Jim Davis 0-0: Foul Ball, location: 2F
0-1: Ball
1-1: Ball
2-1: Swinging Strike
2-2: Ball
3-2: Foul Ball, location: 7LSF
3-2: Strikes out swinging
Batting: LHB Mike Keatts 0-0: Called Strike
0-1: Foul Ball, location: 2F
0-2: Foul Ball, location: 2F
0-2: Ground out 4-3 (Groundball, 4, EV 84.4 MPH)
Bottom of the 4th over - 0 runs, 0 hits, 0 errors, 0 left on base; San Diego 5 - Colorado 1
TOP OF THE 5TH
San Diego Padres batting - Pitching for Colorado Rockies : RHP Xavier Clayton
Batting: RHB Maxwell Judson 0-0: Ball
1-0: Swinging Strike
1-1: Foul Ball, location: 2F
1-2: Ball
2-2: Strikes out swinging
Batting: RHB Jose Barillas 0-0: Ball
1-0: Ball
2-0: Ball
3-0: Called Strike
3-1: Base on Balls
Batting: RHB Chris Santos 0-0: Called Strike
Jose Barillas steals 2nd base
0-1: Swinging Strike
0-2: Foul Ball, location: 7LMFF
0-2: Strikes out looking
Batting: RHB Tony Woody 0-0: Ball
1-0: Called Strike
1-1: Ball
2-1: Swinging Strike
2-2: Strikes out looking
Top of the 5th over - 0 runs, 0 hits, 0 errors, 1 left on base; San Diego 5 - Colorado 1
BOTTOM OF THE 5TH
Colorado Rockies batting - Pitching for San Diego Padres : RHP Chris Penn
Batting: RHB Orlando Serrano 0-0: Called Strike
0-1: Ball
1-1: Ball
2-1: Called Strike
2-2: Strikes out looking
Batting: LHB Jeremy Papish 0-0: Foul Ball, location: 5F
0-1: Foul Ball, location: 2F
0-2: Strikes out swinging
Batting: LHB Jesus Pena 0-0: Ball
1-0: Foul Ball, location: 7LSF
1-1: Called Strike
1-2: Fly out, F8 (Flyball, 8LD, EV 104.4 MPH)
Bottom of the 5th over - 0 runs, 0 hits, 0 errors, 0 left on base; San Diego 5 - Colorado 1
TOP OF THE 6TH
San Diego Padres batting - Pitching for Colorado Rockies : RHP Xavier Clayton
Batting: RHB John Ballard 0-0: Ball
1-0: Called Strike
1-1: Hit by Pitch
Pitching: RHP Vinny Herrick
Batting: LHB Joel Sherlock 0-0: Ball
1-0: Called Strike
1-1: Foul Ball, location: 5SF
1-2: Ball
2-2: Fly out, F6 (Flyball, 6D, EV 89.4 MPH)
Batting: RHB Colby Krant 0-0: Ball
1-0: Swinging Strike
1-1: Foul Ball, location: 3SF
1-2: Strikes out swinging
Batting: RHB Avery Thomas 0-0: Ground out 6-3 (Groundball, P, EV 81.9 MPH)
Top of the 6th over - 0 runs, 0 hits, 0 errors, 1 left on base; San Diego 5 - Colorado 1
BOTTOM OF THE 6TH
Colorado Rockies batting - Pitching for San Diego Padres : RHP Chris Penn
Pitching: LHP Lorenzo Cabrera
Pinch Hitting: SHB Brian Hatcher 0-0: Ball
1-0: Ball
2-0: Ball
3-0: Called Strike
3-1: Foul Ball, location: 9LDF
3-2: Foul Ball, location: 2F
3-2: Foul Ball, location: 23F
3-2: Foul Ball, location: 23F
3-2: Strikes out swinging
Batting: RHB Mike Woodard 0-0: Ball
1-0: Called Strike
1-1: Foul Ball, location: 9LDF
1-2: Foul Ball, location: 3F
1-2: Foul Ball, location: 2F
1-2: Ball
2-2: Ball
3-2: Base on Balls
Batting: LHB Matt Beck 0-0: Ball
1-0: Ball
2-0: Called Strike
2-1: Foul Ball, location: 2F
2-2: Ball
3-2: Strikes out swinging
Mike Woodard steals 2nd base
Batter strikes out.
Batting: RHB Kosuke Sakai 0-0: Called Strike
0-1: Foul Ball, location: 3DF
0-2: Strikes out swinging
Bottom of the 6th over - 0 runs, 0 hits, 0 errors, 1 left on base; San Diego 5 - Colorado 1
TOP OF THE 7TH
San Diego Padres batting - Pitching for Colorado Rockies : RHP Vinny Herrick
Now in LF: Brian Hatcher
Batting: RHB Alfredo Beltran 0-0: Ball
1-0: Called Strike
1-1: Called Strike
1-2: Strikes out swinging
Batting: RHB Maxwell Judson 0-0: Foul Ball, location: 3SF
0-1: Swinging Strike
0-2: Strikes out looking
Batting: RHB Jose Barillas 0-0: Fly out, F8 (Flyball, 8LD, EV 95.0 MPH)
Top of the 7th over - 0 runs, 0 hits, 0 errors, 0 left on base; San Diego 5 - Colorado 1
BOTTOM OF THE 7TH
Colorado Rockies batting - Pitching for San Diego Padres : LHP Lorenzo Cabrera
Batting: LHB Jim Davis 0-0: Called Strike
0-1: Ball
1-1: Ball
2-1: Called Strike
2-2: Ground out 6-3 (Groundball, 6MD, EV 96.3 MPH)
Batting: LHB Mike Keatts 0-0: Called Strike
0-1: Foul Ball, location: 5FF
0-2: Foul Ball, location: 5F
0-2: DOUBLE (Line Drive, 7LM, EV 101.3 MPH)
Pitching: RHP Jim Vickery
Batting: RHB Orlando Serrano 0-0: Called Strike
0-1: Foul Ball, location: 23FF
0-2: Fly out, F6 (Popup, 4M, EV 69.4 MPH)
Batting: LHB Jeremy Papish 0-0: Called Strike
0-1: Ball
1-1: Foul Ball, location: 3FF
1-2: DOUBLE (Line Drive, 9LM, EV 100.6 MPH)
Mike Keatts scores
Batting: LHB Jesus Pena 0-0: Ball
1-0: Called Strike
1-1: Ball
2-1: Foul Ball, location: 7LSF
2-2: Strikes out looking
Bottom of the 7th over - 1 run, 2 hits, 0 errors, 1 left on base; San Diego 5 - Colorado 2
TOP OF THE 8TH
San Diego Padres batting - Pitching for Colorado Rockies : RHP Vinny Herrick
Pitching: RHP Gary Kennedy
Batting: RHB Chris Santos 0-0: Called Strike
0-1: Swinging Strike
0-2: Foul Ball, location: 2F
0-2: Ball
1-2: Fly out, F9 (Line Drive, 9, EV 97.5 MPH)
Batting: RHB Tony Woody 0-0: Fly out, F8 (Flyball, 8RD, EV 93.1 MPH)
Batting: RHB John Ballard 0-0: Ball
1-0: Called Strike
1-1: Ball
2-1: Ball
3-1: Ground out 6-3 (Groundball, 56, EV 95.6 MPH)
Top of the 8th over - 0 runs, 0 hits, 0 errors, 0 left on base; San Diego 5 - Colorado 2
BOTTOM OF THE 8TH
Colorado Rockies batting - Pitching for San Diego Padres : RHP Jim Vickery
Pitching: LHP Seth Oltmans
Batting: SHB Brian Hatcher 0-0: Called Strike
0-1: Called Strike
0-2: Ball
1-2: Ball
2-2: Fly out, F8 (Flyball, 8RM, EV 98.1 MPH)
Batting: RHB Mike Woodard 0-0: Swinging Strike
0-1: Fly out, F8 (Flyball, 89S, EV 88.1 MPH)
Batting: LHB Matt Beck 0-0: Ball
1-0: Foul Ball, location: 3F
1-1: Ball
2-1: Fly out, F4 (Popup, 34, EV 65.0 MPH)
Bottom of the 8th over - 0 runs, 0 hits, 0 errors, 0 left on base; San Diego 5 - Colorado 2
TOP OF THE 9TH
San Diego Padres batting - Pitching for Colorado Rockies : RHP Gary Kennedy
Batting: LHB Joel Sherlock 0-0: Called Strike
0-1: Called Strike
0-2: Foul Ball, location: 3F
0-2: Foul Ball, location: 3FF
0-2: Fly out, F8 (Flyball, 8RD, EV 105.6 MPH)
Batting: RHB Colby Krant 0-0: Called Strike
0-1: Ball
1-1: SINGLE (Line Drive, 6MD, EV 98.1 MPH)
Batting: RHB Avery Thomas 0-0: Ball
1-0: Fly out, F6 (Popup, 6S, EV 76.3 MPH)
Batting: RHB Alfredo Beltran 0-0: Ball
1-0: Called Strike
1-1: Ball
2-1: Ball
3-1: Foul Ball, location: 2F
3-2: TRIPLE (Flyball, 78XD, EV 110.0 MPH)
Colby Krant scores
Batting: RHB Maxwell Judson 0-0: Called Strike
0-1: Called Strike
0-2: TRIPLE (Line Drive, 78XD, EV 103.8 MPH)
Alfredo Beltran scores
Batting: RHB Jose Barillas 0-0: Ground out 6-3 (Groundball, 6, EV 82.5 MPH)
Top of the 9th over - 2 runs, 3 hits, 0 errors, 1 left on base; San Diego 7 - Colorado 2
BOTTOM OF THE 9TH
Colorado Rockies batting - Pitching for San Diego Padres : LHP Seth Oltmans
Batting: RHB Kosuke Sakai 0-0: Called Strike
0-1: Ball
1-1: Ball
2-1: Called Strike
2-2: Ground out 5-3 (Groundball, 56, EV 103.8 MPH)
Pinch Hitting: RHB Tony Thomas 0-0: Fly out, F7 (Flyball, 78M, EV 95.6 MPH)
Batting: LHB Mike Keatts 0-0: Called Strike
0-1: Foul Ball, location: 23FF
0-2: SINGLE (Line Drive, 7S, EV 103.8 MPH)
Batting: RHB Orlando Serrano 0-0: Ball
1-0: Fielders Choice at 2nd, 6-4 (Groundball, 6, EV 90.0 MPH)
Bottom of the 9th over - 0 runs, 1 hit, 0 errors, 1 left on base; San Diego 7 - Colorado 2
Sunday, May 5th , 2024 - OOTP Baseball 24.11 Build 85